[Event "ICC tourney 2260 (3 2)"]
[Site "Internet Chess Club"]
[Date "2020.12.31"]
[Round "2"]
[White "chessrex"]
[Black "hackerguru"]
[Result "1-0"]
[ICCResult "Black forfeits on time"]
[WhiteElo "1958"]
[BlackElo "1756"]
[Opening "Blackmar-Diemer gambit"]
[ECO "A45"]
[NIC "QP.07"]
[Time "12:15:41"]
[PlyCount "95"]
[TimeControl "180+2"]

1. d4 Nf6 2. f3 d5 3. e4 dxe4 4. Nc3 e3 5. Bxe3 e6 6. Bd3 Bd6 7. Nge2 c6 8.
Qd2 Nbd7 9. O-O Nb6 10. a3 Nbd5 11. Nxd5 exd5 12. Bf4 Be6 13. Rae1 O-O 14.
b4 a5 15. c3 axb4 16. axb4 Nh5 17. Bxd6 Qxd6 18. Qg5 Nf6 19. Qh4 Qd7 20. g4
h6 21. Rf2 Nh7 22. Rg2 Ng5 23. Rf1 f5 24. f4 Ne4 25. g5 hxg5 26. fxg5 g6
27. Nf4 Qf7 28. Bxe4 fxe4 29. Qh6 Bf5 30. Rgf2 Qg7 31. Qh4 e3 32. Re2 Rae8
33. Rfe1 Be4 34. Rxe3 Qf7 35. Rf1 Qf5 36. Rg3 Qf7 37. Qh3 Qh7 38. Qxh7+
Kxh7 39. Re3 Kg7 40. Rf2 Rf5 41. Nh3 Ref8 42. Rxf5 Rxf5 43. Rg3 b5 44. Nf2
Bc2 45. Kg2 Bb3 46. h4 Bc4 47. Rf3 Bf1+ 48. Kg3 { Black forfeits on time }
1-0

[Event "ICC tourney 2260 (3 2)"]
[Site "Internet Chess Club"]
[Date "2020.12.31"]
[Round "2"]
[White "funpawn"]
[Black "DualMoneytime"]
[Result "0-1"]
[ICCResult "White forfeits on time"]
[WhiteElo "1765"]
[BlackElo "1960"]
[Opening "French: Steinitz, Boleslavsky variation"]
[ECO "C11"]
[NIC "FR.04"]
[Time "12:15:38"]
[PlyCount "74"]
[TimeControl "180+2"]

1. e4 e6 2. d4 d5 3. Nc3 Nf6 4. e5 Nfd7 5. f4 c5 6. Nf3 Nc6 7. Be3 Qb6 8.
Na4 Qa5+ 9. c3 cxd4 10. b4 Nxb4 11. cxb4 Bxb4+ 12. Bd2 Bxd2+ 13. Nxd2 b6
14. Bd3 Ba6 15. Bxa6 Qxa6 16. Nf3 Qa5+ 17. Kf2 Nc5 18. Nxc5 bxc5 19. Rf1
Qa3 20. Kg1 Qe3+ 21. Kh1 Qxf4 22. Qa4+ Ke7 23. Rab1 Rhe8 24. Rb7+ Kf8 25.
Qb5 Kg8 26. Qxc5 d3 27. Qd4 Qxd4 28. Nxd4 Rf8 29. Rb3 Rac8 30. Rxd3 Rc4 31.
Nb5 Re4 32. Nxa7 Rxe5 33. Nc6 Re2 34. Ne7+ Kh8 35. Ra3 f6 36. h3 Re8 37.
Nc6 e5 { White forfeits on time } 0-1

[Event "ICC tourney 2260 (3 2)"]
[Site "Internet Chess Club"]
[Date "2020.12.31"]
[Round "2"]
[White "saisiva765"]
[Black "VincentT2008"]
[Result "1-0"]
[ICCResult "Black checkmated"]
[WhiteElo "1950"]
[BlackElo "1743"]
[Opening "Queen's pawn: London system"]
[ECO "A45"]
[NIC "QP.07"]
[Time "12:15:42"]
[PlyCount "103"]
[TimeControl "180+2"]

1. d4 Nf6 2. Bf4 g6 3. Nc3 d6 4. e4 Bg7 5. Qd2 h6 6. O-O-O g5 7. Be3 Ng4 8.
Bc4 Nxe3 9. Qxe3 e6 10. Nge2 Nd7 11. f4 gxf4 12. Nxf4 Nb6 13. Be2 Bd7 14.
Kb1 Qe7 15. Nh5 Bf8 16. e5 dxe5 17. Qxe5 O-O-O 18. Qxh8 Qb4 19. Qe5 Bd6 20.
Qe3 Nd5 21. Nxd5 exd5 22. Nf6 Ba4 23. Nxd5 Qa5 24. Nc3 Re8 25. Bg4+ Kb8 26.
Qxh6 Qb4 27. Nxa4 Qxa4 28. Rhe1 Rd8 29. Qg5 Rf8 30. h4 Qb4 31. h5 Bg3 32.
Re2 Qb6 33. Qe7 Rc8 34. Bxc8 Bd6 35. Qe8 a6 36. Be6+ Ka7 37. Bxf7 Ba3 38.
Bb3 Bd6 39. h6 Qb4 40. c3 Qa5 41. h7 Qf5+ 42. Bc2 Qd5 43. h8=Q Kb6 44. Qe6
Qa5 45. Qhe5 Qxe5 46. dxe5 a5 47. exd6 a4 48. dxc7+ Ka7 49. c8=Q a3 50.
Qc5+ b6 51. Qexb6+ Ka8 52. Qa7# { Black checkmated } 1-0

[Event "ICC tourney 2260 (3 2)"]
[Site "Internet Chess Club"]
[Date "2020.12.31"]
[Round "2"]
[White "karuto2006"]
[Black "el008"]
[Result "0-1"]
[ICCResult "White resigns"]
[WhiteElo "1699"]
[BlackElo "1944"]
[Opening "Sicilian: Najdorf, Byrne (English) attack"]
[ECO "B90"]
[NIC "SI.14"]
[Time "12:15:40"]
[PlyCount "100"]
[TimeControl "180+2"]

1. e4 c5 2. Nf3 d6 3. d4 cxd4 4. Nxd4 Nf6 5. Nc3 a6 6. Be3 e5 7. Nb3 Be6 8.
f3 Be7 9. Qd2 Nbd7 10. O-O-O O-O 11. g4 b5 12. h4 Nb6 13. h5 Nc4 14. Bxc4
bxc4 15. Na1 Nd7 16. Nd5 Bxd5 17. Qxd5 Nb6 18. Bxb6 Qxb6 19. Qxc4 Qe3+ 20.
Kb1 Qxf3 21. Nb3 Qxg4 22. Rdg1 Qe6 23. Qd3 f5 24. Qg3 Rf7 25. Nd2 f4 26.
Qg2 Rb8 27. Nf3 d5 28. Ng5 Bxg5 29. Qxg5 dxe4 30. Rd1 Qe7 31. Qg4 e3 32.
Rhg1 Qb7 33. b3 Qe7 34. h6 g6 35. Rd5 f3 36. Qe4 e2 37. Rxe5 f2 38. Rxe7
fxg1=Q+ 39. Kb2 Rxe7 40. Qxe7 Qd4+ 41. c3 Qd2+ 42. Ka3 Qxh6 43. Qe5 Rf8 44.
Qxe2 Qg7 45. Qc4+ Qf7 46. Kb2 Qxc4 47. bxc4 h5 48. Kc2 h4 49. Kd2 h3 50.
Ke2 h2 { White resigns } 0-1

[Event "ICC tourney 2260 (3 2)"]
[Site "Internet Chess Club"]
[Date "2020.12.31"]
[Round "2"]
[White "Feugon"]
[Black "hggonzalezzss"]
[Result "1-0"]
[ICCResult "Black forfeits on time"]
[WhiteElo "1982"]
[BlackElo "1767"]
[Opening "Nimzovich-Larsen attack: classical variation"]
[ECO "A01"]
[NIC "VO.08"]
[Time "12:15:46"]
[PlyCount "89"]
[TimeControl "180+2"]

1. b3 d5 2. Bb2 c5 3. e3 Nc6 4. f4 e6 5. Nf3 Nf6 6. Bb5 Bd7 7. O-O g6 8.
Bxc6 Bxc6 9. Ne5 Bg7 10. Nxc6 bxc6 11. d3 O-O 12. Nd2 a5 13. a4 Rb8 14. Qe2
Qd7 15. Rab1 Rfd8 16. Kh1 Nh5 17. Bxg7 Nxg7 18. e4 Re8 19. Qf2 Qe7 20. Rbe1
Red8 21. g4 Ne8 22. e5 Nc7 23. Nf3 d4 24. Ng5 Nd5 25. Ne4 Ne3 26. Nf6+ Kg7
27. Qh4 Rh8 28. Nh5+ Kf8 29. Nf6 h5 30. Rxe3 dxe3 31. Re1 Rb4 32. g5 Qc7
33. Rxe3 Kg7 34. Qf2 Rd8 35. Ne4 c4 36. dxc4 Rd1+ 37. Re1 Rxe1+ 38. Qxe1 c5
39. Qd2 Rb8 40. Kg1 Rd8 41. Nd6 Qc6 42. Qg2 Qxg2+ 43. Kxg2 Kf8 44. Kf3 Ke7
45. Ke3 { Black forfeits on time } 1-0

[Event "ICC tourney 2260 (3 2)"]
[Site "Internet Chess Club"]
[Date "2020.12.31"]
[Round "2"]
[White "MehPlayer"]
[Black "ChiefDas"]
[Result "0-1"]
[ICCResult "White checkmated"]
[WhiteElo "1528"]
[BlackElo "1857"]
[Opening "Sicilian"]
[ECO "B56"]
[NIC "SI.25"]
[Time "12:15:43"]
[PlyCount "120"]
[TimeControl "180+2"]

1. e4 c5 2. Nf3 d6 3. d4 cxd4 4. Nxd4 Nc6 5. Nc3 Nf6 6. Be3 e6 7. Bb5 Bd7
8. O-O Be7 9. f4 a6 10. Ba4 b5 11. Bb3 O-O 12. a3 Rc8 13. Qe1 e5 14. Nf3
Ng4 15. f5 Na5 16. Ba2 Nc4 17. Bxc4 Rxc4 18. h3 Nxe3 19. Qxe3 d5 20. Nxd5
Bc5 21. Qxc5 Rxc5 22. Nxe5 Re8 23. Nd3 Rxc2 24. Rf4 Bc6 25. N3b4 Rc4 26. f6
Bxd5 27. Nxd5 Rcxe4 28. Ne7+ R4xe7 29. fxe7 Qxe7 30. Rf3 h6 31. Raf1 Qc5+
32. Kh2 Re7 33. Rd3 Qe5+ 34. Kh1 Qxb2 35. Rd8+ Kh7 36. Rf8 Kg6 37. Rf3 Qc1+
38. Kh2 Qc7+ 39. Kg1 Re1+ 40. Kf2 Qe5 41. R8xf7 Re2+ 42. Kg1 Qd4+ 43. Kh2
Qe5+ 44. Kg1 Qg5 45. Rf2 Rxf2 46. Rxf2 Qc1+ 47. Kh2 Qxa3 48. Re2 Qd6+ 49.
Kg1 b4 50. Ra2 b3 51. Rb2 Qd1+ 52. Kh2 Qc2 53. Rxc2 bxc2 54. h4 c1=Q 55.
h5+ Kg5 56. g4 Qe3 57. Kh1 Qd2 58. Kg1 Kxg4 59. Kf1 Kf3 60. Kg1 Qg2# {
White checkmated } 0-1

[Event "ICC tourney 2260 (3 2)"]
[Site "Internet Chess Club"]
[Date "2020.12.31"]
[Round "2"]
[White "xyzchessdude"]
[Black "DFKnights"]
[Result "0-1"]
[ICCResult "White forfeits on time"]
[WhiteElo "1992"]
[BlackElo "1802"]
[Opening "King's Indian: fianchetto, Simagin variation"]
[ECO "E62"]
[NIC "KI.72"]
[Time "12:15:28"]
[PlyCount "144"]
[TimeControl "180+2"]

1. Nf3 Nf6 2. c4 g6 3. g3 Bg7 4. Bg2 O-O 5. O-O d6 6. d4 Nc6 7. Nc3 Bg4 8.
b3 Re8 9. h3 Bxf3 10. Bxf3 e5 11. e3 Qd7 12. Bg2 Nh5 13. d5 Ne7 14. e4 Rf8
15. Bb2 a6 16. a4 Rab8 17. Qc2 f5 18. exf5 gxf5 19. Qe2 Nf6 20. f4 e4 21.
Nd1 Ng6 22. Ne3 b5 23. axb5 axb5 24. Bd4 bxc4 25. bxc4 Rb3 26. Rab1 Rd3 27.
Rfd1 Rxd4 28. Rxd4 Nh5 29. Rdd1 Nxg3 30. Qf2 Nh5 31. Rb7 Nhxf4 32. Rdb1 Nd3
33. Qd2 f4 34. Ng4 f3 35. Rb8 fxg2 36. Rxf8+ Nxf8 37. Kxg2 Qf5 38. Rf1 Qg6
39. Kh1 Nd7 40. Qe3 N7e5 41. Nxe5 Nxe5 42. Rg1 Qh5 43. Qg3 Qf3+ 44. Qxf3
exf3 45. Kh2 Nxc4 46. Kg3 Ne5 47. Rb1 Kf7 48. Rb7 Kg6 49. Rxc7 Bf8 50. Rc8
Be7 51. Rc7 Kf6 52. Rc2 Kf5 53. Rf2 Ke4 54. Rd2 Bg5 55. Rd1 Bf4+ 56. Kf2
Be3+ 57. Kf1 Ng6 58. Ra1 Nf4 59. Ra4+ Kxd5 60. h4 Ke5 61. Ra5+ d5 62. Ra4
d4 63. Ra5+ Ke4 64. Ra8 d3 65. Re8+ Kd4 66. Rd8+ Kc3 67. Rc8+ Kd4 68. Rd8+
Kc4 69. Rc8+ Bc5 70. Ke1 f2+ 71. Kf1 d2 72. Rd8 Nd3 { White forfeits on
time } 0-1

[Event "ICC tourney 2260 (3 2)"]
[Site "Internet Chess Club"]
[Date "2020.12.31"]
[Round "2"]
[White "ThirstyMonster"]
[Black "garfield92037"]
[Result "0-1"]
[ICCResult "White forfeits on time"]
[WhiteElo "1283"]
[BlackElo "1843"]
[Opening "Grünfeld: Three knights variation"]
[ECO "D90"]
[NIC "GI.07"]
[Time "12:16:21"]
[PlyCount "120"]
[TimeControl "180+2"]

1. d4 Nf6 2. Nf3 g6 3. c4 Bg7 4. Nc3 d5 5. cxd5 Nxd5 6. g3 O-O 7. Bg2 Nxc3
8. bxc3 c5 9. e3 Nc6 10. O-O Qc7 11. Rb1 b6 12. Bb2 cxd4 13. cxd4 Bb7 14.
a3 Rfd8 15. Qe2 Rac8 16. Rbc1 Qd7 17. Rc2 e6 18. Rfc1 Ne7 19. h3 Rxc2 20.
Rxc2 Nd5 21. Qd2 Rc8 22. Qc1 Rxc2 23. Qxc2 Qc6 24. Qxc6 Bxc6 25. Nd2 Kf8
26. Kf1 Ke7 27. Nb3 Kd7 28. Ke2 Nf4+ 29. gxf4 Bxg2 30. h4 Bh3 31. Nd2 Bf6
32. Nc4 Bxh4 33. Ne5+ Ke8 34. Nc6 a5 35. Ne5 b5 36. Nc6 Bd8 37. Nxd8 Kxd8
38. Bc3 a4 39. Bb4 Bf5 40. Kf3 Bc2 41. Kg3 Kd7 42. Kh4 f6 43. Kg3 Bd1 44.
f3 Bc2 45. Kg4 h5+ 46. Kg3 Bd1 47. Kf2 g5 48. fxg5 fxg5 49. Kg3 Ke8 50. Bd6
Kf7 51. Bb4 Kg6 52. Bc5 Kf5 53. Bb4 h4+ 54. Kg2 Kg6 55. Bd6 Kf5 56. Bb4 Kg6
57. Bd6 Kf6 58. Bb4 Kf5 59. Bd6 g4 60. fxg4+ Kxg4 { White forfeits on time
} 0-1

[Event "ICC tourney 2260 (3 2)"]
[Site "Internet Chess Club"]
[Date "2020.12.31"]
[Round "2"]
[White "Kinawa"]
[Black "auggie29"]
[Result "1-0"]
[ICCResult "Black forfeits on time"]
[WhiteElo "1535"]
[BlackElo "1095"]
[Opening "Sicilian defense"]
[ECO "B44"]
[NIC "SI.39"]
[Time "12:15:40"]
[PlyCount "159"]
[TimeControl "180+2"]

1. e4 c5 2. Nf3 Nc6 3. d4 cxd4 4. Nxd4 e6 5. c4 Bc5 6. Nxc6 bxc6 7. Be2 d5
8. cxd5 cxd5 9. exd5 exd5 10. O-O Nf6 11. Bg5 Be6 12. Nc3 Be7 13. Bf3 O-O
14. Re1 Bb4 15. Qd4 Bxc3 16. bxc3 Rc8 17. Bxf6 Qxf6 18. Qxf6 gxf6 19. Re3
Rc4 20. Rd3 Rfc8 21. Bxd5 Bxd5 22. Rxd5 Rxc3 23. g3 R3c5 24. Rad1 a5 25. a4
Kg7 26. Kg2 Kg6 27. h4 h5 28. R1d2 f5 29. Rxc5 Rxc5 30. Rd6+ f6 31. Ra6 Re5
32. Ra8 Rd5 33. Rg8+ Kh7 34. Ra8 Kg7 35. Kf3 Kg6 36. Rg8+ Kh7 37. Ra8 Kg6
38. Ke3 Re5+ 39. Kf4 Re4+ 40. Kf3 Rxa4 41. Ke3 Ra3+ 42. Ke2 Ra2+ 43. Ke3 a4
44. f3 a3 45. Kd3 Ra1 46. Kc2 Rg1 47. Rxa3 Rxg3 48. Kd2 f4 49. Ke2 Rh3 50.
Kf2 Rxh4 51. Kg2 f5 52. Ra6+ Kg5 53. Ra8 Kh6 54. Ra6+ Kg5 55. Ra8 Kf6 56.
Ra6+ Ke5 57. Ra5+ Kf6 58. Ra6+ Kg5 59. Ra8 Kf6 60. Ra6+ Kg5 61. Ra8 Kf6 62.
Ra6+ Kg5 63. Ra8 Kf6 64. Ra6+ Kg5 65. Ra8 Kf6 66. Ra6+ Kg5 67. Ra5 Kg6 68.
Rb5 Kf6 69. Rb6+ Kg5 70. Rb5 Kg6 71. Rb6+ Kg5 72. Rb5 Kf6 73. Ra5 Kg6 74.
Rb5 Kg5 75. Rb6 Rg4+ 76. fxg4 fxg4 77. Rb5+ Kh4 78. Rb4 f3+ 79. Kf2 Kh3 80.
Rb1 { Black forfeits on time } 1-0

[Event "ICC tourney 2260 (3 2)"]
[Site "Internet Chess Club"]
[Date "2020.12.31"]
[Round "3"]
[White "pari538"]
[Black "martinjames28"]
[Result "1-0"]
[ICCResult "Black resigns"]
[WhiteElo "1522"]
[BlackElo "1196"]
[Opening "Caro-Kann: exchange variation"]
[ECO "B13"]
[NIC "CK.02"]
[Time "12:29:54"]
[PlyCount "25"]
[TimeControl "180+2"]

1. e4 c6 2. d4 d5 3. exd5 cxd5 4. Bd3 Nf6 5. c3 Bg4 6. Nf3 e6 7. h3 Bh5 8.
Qa4+ Nc6 9. Ne5 Qc7 10. Bb5 a6 11. Nxc6 bxc6 12. Bxc6+ Nd7 13. Bxa8 { Black
resigns } 1-0

[Event "ICC tourney 2260 (3 2)"]
[Site "Internet Chess Club"]
[Date "2020.12.31"]
[Round "3"]
[White "Tombstone"]
[Black "PearsonH"]
[Result "1-0"]
[ICCResult "Black resigns"]
[WhiteElo "1990"]
[BlackElo "1756"]
[Opening "Catalan: closed, 5.Nf3"]
[ECO "E06"]
[NIC "CA.05"]
[Time "12:30:12"]
[PlyCount "37"]
[TimeControl "180+2"]

1. d4 e6 2. c4 d5 3. Nf3 Nf6 4. g3 Be7 5. Bg2 O-O 6. O-O dxc4 7. Qc2 c5 8.
dxc5 Bxc5 9. Qxc4 Qe7 10. Nc3 Nc6 11. a3 a6 12. Bg5 h6 13. Bxf6 gxf6 14.
Rad1 b5 15. Qg4+ Kh7 16. Ng5+ fxg5 17. Bxc6 Rb8 18. Qe4+ Kg7 19. Qe5+ {
Black resigns } 1-0

[Event "ICC tourney 2260 (3 2)"]
[Site "Internet Chess Club"]
[Date "2020.12.31"]
[Round "3"]
[White "TacoCat"]
[Black "Kokosnuss1000"]
[Result "1-0"]
[ICCResult "Black checkmated"]
[WhiteElo "1882"]
[BlackElo "1600"]
[Opening "QGD: 6.Nf3"]
[ECO "D55"]
[NIC "QO.13"]
[Time "12:29:53"]
[PlyCount "61"]
[TimeControl "180+2"]

1. d4 d5 2. c4 e6 3. Nc3 Nf6 4. Bg5 Be7 5. Nf3 O-O 6. e3 Nc6 7. cxd5 exd5
8. Bd3 Nb8 9. Qc2 Nbd7 10. Rc1 b6 11. O-O Bb7 12. Nb5 Rc8 13. Nxa7 Rb8 14.
Qxc7 Qxc7 15. Rxc7 Bd6 16. Rc2 Ra8 17. Nb5 Ba6 18. a4 Rfc8 19. Rfc1 Rxc2
20. Rxc2 Bxb5 21. Bxb5 Nb8 22. Rc8+ Bf8 23. Bxf6 gxf6 24. Bc6 Ra5 25. Rxb8
Kg7 26. Nh4 b5 27. Bxb5 Bb4 28. Nf5+ Kg6 29. g4 Kg5 30. h3 Kg6 31. Rg8# {
Black checkmated } 1-0

[Event "ICC tourney 2260 (3 2)"]
[Site "Internet Chess Club"]
[Date "2020.12.31"]
[Round "3"]
[White "atippa"]
[Black "VirginiaGuy"]
[Result "1-0"]
[ICCResult "Black resigns"]
[WhiteElo "1732"]
[BlackElo "1371"]
[Opening "English opening"]
[ECO "A05"]
[NIC "QP.11"]
[Time "12:30:48"]
[PlyCount "35"]
[TimeControl "180+2"]

1. Nf3 Nf6 2. c4 e6 3. a3 d5 4. e3 c6 5. cxd5 cxd5 6. Nc3 Nc6 7. d4 Bd6 8.
Bd3 O-O 9. O-O e5 10. dxe5 Nxe5 11. Nxe5 Bxe5 12. Bd2 Bg4 13. Be2 Bxe2 14.
Qxe2 d4 15. exd4 Bxd4 16. Rad1 Re8 17. Be3 Qe7 18. Rxd4 { Black resigns }
1-0

[Event "ICC tourney 2260 (3 2)"]
[Site "Internet Chess Club"]
[Date "2020.12.31"]
[Round "3"]
[White "aberdeenace"]
[Black "VeronicaG"]
[Result "0-1"]
[ICCResult "White checkmated"]
[WhiteElo "1546"]
[BlackElo "1828"]
[Opening "Caro-Kann defense"]
[ECO "B10"]
[NIC "CK.01"]
[Time "12:30:13"]
[PlyCount "34"]
[TimeControl "180+2"]

1. e4 c6 2. f4 d5 3. e5 h5 4. d4 Bf5 5. Bd3 Bxd3 6. Qxd3 e6 7. Nf3 Ne7 8.
O-O Nd7 9. Ng5 Nf5 10. h3 c5 11. g4 hxg4 12. hxg4 Nxd4 13. Nxf7 Kxf7 14. c3
Qh4 15. Rd1 Qh1+ 16. Kf2 Rh2+ 17. Ke3 Qf3# { White checkmated } 0-1

[Event "ICC tourney 2260 (3 2)"]
[Site "Internet Chess Club"]
[Date "2020.12.31"]
[Round "3"]
[White "hggonzalezzss"]
[Black "yogokings12"]
[Result "1-0"]
[ICCResult "Black resigns"]
[WhiteElo "1767"]
[BlackElo "1575"]
[Opening "Sicilian: dragon, classical attack"]
[ECO "B73"]
[NIC "SI.16"]
[Time "12:30:12"]
[PlyCount "75"]
[TimeControl "180+2"]

1. e4 c5 2. Nf3 d6 3. d4 cxd4 4. Nxd4 Nf6 5. Nc3 g6 6. Be3 Bg7 7. Be2 O-O
8. O-O Nc6 9. f3 d5 10. Nxc6 bxc6 11. exd5 Nxd5 12. Nxd5 Qxd5 13. Qxd5 cxd5
14. c3 e5 15. Rfd1 Be6 16. Ba6 Rfb8 17. Rab1 Bf5 18. Bd3 Bxd3 19. Rxd3 Rd8
20. Rbd1 Rab8 21. b3 Rbc8 22. Bxa7 Ra8 23. Bb6 Rd6 24. Bc5 Rc6 25. Rxd5 h5
26. Rd8+ Rxd8 27. Rxd8+ Kh7 28. b4 e4 29. c4 exf3 30. gxf3 Ra6 31. Rd2 Ra4
32. Rc2 Be5 33. b5 Kg7 34. b6 Kf6 35. b7 Ke6 36. Re2 Rxc4 37. Rxe5+ Kxe5
38. b8=Q+ { Black resigns } 1-0

[Event "ICC tourney 2260 (3 2)"]
[Site "Internet Chess Club"]
[Date "2020.12.31"]
[Round "3"]
[White "Viking21"]
[Black "hartej"]
[Result "1-0"]
[ICCResult "Black resigns"]
[WhiteElo "1905"]
[BlackElo "1516"]
[Opening "Sicilian: Alapin's variation (2.c3)"]
[ECO "B22"]
[NIC "SI.46"]
[Time "12:29:54"]
[PlyCount "55"]
[TimeControl "180+2"]

1. e4 c5 2. c3 e5 3. Nf3 Nc6 4. Bc4 h6 5. d4 cxd4 6. cxd4 exd4 7. Nxd4 Nxd4
8. Qxd4 Qa5+ 9. Nc3 Qc5 10. Qd3 Nf6 11. Be3 Qc7 12. O-O a6 13. e5 Qxe5 14.
Bd4 Qg5 15. Rfe1+ Be7 16. Re5 Qh4 17. Rae1 O-O 18. Rxe7 Ng4 19. h3 Nf6 20.
Bxf6 Qxf6 21. Re8 d6 22. Rxf8+ Kxf8 23. Qh7 g6 24. Qxh6+ Qg7 25. Re8+ Kxe8
26. Qxg7 b5 27. Qxf7+ Kd8 28. Be6 { Black resigns } 1-0

[Event "ICC tourney 2260 (3 2)"]
[Site "Internet Chess Club"]
[Date "2020.12.31"]
[Round "3"]
[White "baldwinsthename"]
[Black "MehPlayer"]
[Result "0-1"]
[ICCResult "White checkmated"]
[WhiteElo "1228"]
[BlackElo "1528"]
[Opening "Nimzo-Indian defense"]
[ECO "E20"]
[NIC "NI.30"]
[Time "12:30:10"]
[PlyCount "54"]
[TimeControl "180+2"]

1. d4 Nf6 2. c4 e6 3. Nc3 Bb4 4. Bd2 d5 5. a3 Bxc3 6. bxc3 c6 7. Bg5 h6 8.
Bh4 Qa5 9. Qd3 Ne4 10. Rc1 Qxa3 11. Qc2 Nd7 12. f3 Nd6 13. c5 Nf5 14. Bf2
b6 15. e4 Ne7 16. Bd3 bxc5 17. dxc5 Nxc5 18. Ne2 Nxd3+ 19. Qxd3 Ba6 20. Qe3
Bxe2 21. Kxe2 Qb2+ 22. Kd1 O-O 23. Re1 dxe4 24. Re2 Rad8+ 25. Ke1 Qa3 26.
fxe4 a5 27. Qc5 Qxc1# { White checkmated } 0-1

[Event "ICC tourney 2260 (3 2)"]
[Site "Internet Chess Club"]
[Date "2020.12.31"]
[Round "3"]
[White "andrewj508"]
[Black "Zapateado"]
[Result "0-1"]
[ICCResult "White resigns"]
[WhiteElo "1270"]
[BlackElo "1908"]
[Opening "Queen's pawn: London system"]
[ECO "A45"]
[NIC "QP.07"]
[Time "12:30:13"]
[PlyCount "64"]
[TimeControl "180+2"]

1. d4 Nf6 2. Bf4 e6 3. e3 c5 4. c3 d5 5. Nd2 Qb6 6. Qc2 Nc6 7. Ngf3 Be7 8.
Nb3 c4 9. Nbd2 Bd7 10. Be2 O-O 11. Rb1 a5 12. O-O a4 13. e4 Ne8 14. e5 f6
15. Bg3 fxe5 16. Nxe5 Nxe5 17. Bxe5 Nf6 18. f4 Be8 19. Nf3 Bg6 20. Qd2 Bxb1
21. Rxb1 Ne4 22. Qc2 Bd6 23. Bxc4 Bxe5 24. fxe5 Rac8 25. Bd3 Qc6 26. Bxe4
dxe4 27. Ng5 Qd5 28. Nxe4 Qxd4+ 29. cxd4 Rxc2 30. Nc3 Rd8 31. Nxa4 Rxd4 32.
Nc5 Rxc5 { White resigns } 0-1

[Event "ICC tourney 2260 (3 2)"]
[Site "Internet Chess Club"]
[Date "2020.12.31"]
[Round "3"]
[White "ZAPPAWITS"]
[Black "michaelxiao"]
[Result "1-0"]
[ICCResult "Black resigns"]
[WhiteElo "1713"]
[BlackElo "1318"]
[Opening "Réti opening"]
[ECO "A04"]
[NIC "QP.11"]
[Time "12:30:49"]
[PlyCount "93"]
[TimeControl "180+2"]

1. Nf3 e6 2. d4 d5 3. Bf4 c5 4. c3 cxd4 5. cxd4 Nc6 6. e3 Bb4+ 7. Nc3 Qa5
8. Qc2 Bxc3+ 9. bxc3 Bd7 10. Bd3 Nge7 11. O-O Ng6 12. Bd6 Rc8 13. a3 Nce7
14. Bb4 Qc7 15. Qe2 O-O 16. Rac1 a5 17. Bxe7 Nxe7 18. c4 dxc4 19. Rxc4 Qd6
20. Rfc1 Ng6 21. Rxc8 Rxc8 22. Rxc8+ Bxc8 23. Bxg6 hxg6 24. Qb2 b6 25. h3
Bb7 26. Ne5 Qd5 27. f3 Qd6 28. e4 f6 29. Nxg6 Ba6 30. e5 fxe5 31. dxe5 Qd1+
32. Kh2 b5 33. Qa2 Qd5 34. Qxd5 exd5 35. Ne7+ Kf7 36. Nxd5 Ke6 37. Nc7+
Kxe5 38. Nxa6 b4 39. axb4 a4 40. Nc5 Kd5 41. g4 Kc4 42. Nxa4 Kxb4 43. Nb2
Kc3 44. Nd1+ Kd2 45. Nf2 Ke3 46. Kg3 g5 47. Ne4 { Black resigns } 1-0

[Event "ICC tourney 2260 (3 2)"]
[Site "Internet Chess Club"]
[Date "2020.12.31"]
[Round "3"]
[White "kittypuppy"]
[Black "local0928"]
[Result "0-1"]
[ICCResult "White checkmated"]
[WhiteElo "1135"]
[BlackElo "1785"]
[Opening "Benoni defense"]
[ECO "A56"]
[NIC "OI.06"]
[Time "12:30:03"]
[PlyCount "66"]
[TimeControl "180+2"]

1. d4 Nf6 2. c4 c5 3. Nc3 e6 4. Bf4 cxd4 5. Qxd4 Nc6 6. Qd1 a6 7. e3 Be7 8.
Nf3 O-O 9. Bd3 Nh5 10. Bg3 h6 11. Qc2 Qa5 12. a3 Nb4 13. Qb1 Nxd3+ 14. Qxd3
Nxg3 15. hxg3 Rd8 16. g4 d5 17. cxd5 Rxd5 18. Qc2 Rd8 19. b4 Qc7 20. g5 b5
21. gxh6 Bf6 22. hxg7 Qxc3+ 23. Qxc3 Bxc3+ 24. Nd2 Rxd2 25. Rc1 Rc2+ 26.
Kd1 Rxc1+ 27. Kxc1 Kxg7 28. Rd1 Bb7 29. g3 Rc8 30. Kb1 Be4+ 31. Ka2 Be5 32.
f4 Rc2+ 33. Kb3 Rb2# { White checkmated } 0-1

[Event "ICC tourney 2260 (3 2)"]
[Site "Internet Chess Club"]
[Date "2020.12.31"]
[Round "3"]
[White "uzkuzk"]
[Black "chessmonkey05"]
[Result "1-0"]
[ICCResult "Black resigns"]
[WhiteElo "1809"]
[BlackElo "1617"]
[Opening "KGA: Muzio gambit"]
[ECO "C37"]
[NIC "KG.01"]
[Time "12:29:59"]
[PlyCount "43"]
[TimeControl "180+2"]

1. e4 e5 2. f4 exf4 3. Nf3 g5 4. Bc4 g4 5. O-O gxf3 6. Qxf3 Qf6 7. e5 Qf5
8. d4 Bh6 9. Nc3 Nc6 10. Nb5 Kd8 11. Rd1 a6 12. Nc3 Nge7 13. Bd3 Qe6 14. d5
Nxd5 15. Nxd5 Nxe5 16. Qe4 Ng6 17. Qd4 Re8 18. Bxg6 fxg6 19. Nxf4 Bxf4 20.
Bxf4 Qe4 21. Bg5+ Re7 22. Qxe4 { Black resigns } 1-0

[Event "ICC tourney 2260 (3 2)"]
[Site "Internet Chess Club"]
[Date "2020.12.31"]
[Round "3"]
[White "garfield92037"]
[Black "Feugon"]
[Result "1-0"]
[ICCResult "Black resigns"]
[WhiteElo "1843"]
[BlackElo "1982"]
[Opening "French: Rubinstein variation"]
[ECO "C03"]
[NIC "FR.07"]
[Time "12:30:00"]
[PlyCount "53"]
[TimeControl "180+2"]

1. e4 e6 2. d4 d5 3. Nd2 dxe4 4. Nxe4 Nd7 5. Nf3 Ngf6 6. Nxf6+ Nxf6 7. Bg5
Be7 8. Bd3 b6 9. Ne5 Qd5 10. f3 O-O 11. c3 c5 12. Bxf6 Bxf6 13. Be4 Qd6 14.
Bxa8 Ba6 15. Be4 Bxe5 16. dxe5 Qxe5 17. Qa4 f5 18. Qxa6 fxe4 19. O-O-O Qf4+
20. Kb1 exf3 21. gxf3 e5 22. Qxa7 Qxf3 23. Qxb6 e4 24. Qxc5 e3 25. Qc4+ Kh8
26. Rhf1 e2 27. Qxe2 { Black resigns } 1-0

[Event "ICC tourney 2260 (3 2)"]
[Site "Internet Chess Club"]
[Date "2020.12.31"]
[Round "3"]
[White "LuckyNessLover"]
[Black "Udonramen"]
[Result "0-1"]
[ICCResult "White forfeits on time"]
[WhiteElo "1655"]
[BlackElo "1947"]
[Opening "Sicilian: Smith-Morra gambit"]
[ECO "B21"]
[NIC "SI.48"]
[Time "12:30:02"]
[PlyCount "22"]
[TimeControl "180+2"]

1. e4 c5 2. d4 cxd4 3. c3 dxc3 4. Nxc3 Nc6 5. Nf3 g6 6. Bc4 Bg7 7. Ng5 e6
8. Nb5 Nh6 9. Nd6+ Kf8 10. Qf3 Nd4 11. Qd3 Qe7 { White forfeits on time }
0-1

[Event "ICC tourney 2260 (3 2)"]
[Site "Internet Chess Club"]
[Date "2020.12.31"]
[Round "3"]
[White "AirMaisem"]
[Black "dashrndrx1"]
[Result "0-1"]
[ICCResult "White resigns"]
[WhiteElo "1171"]
[BlackElo "1803"]
[Opening "French defense"]
[ECO "C00"]
[NIC "FR.01"]
[Time "12:30:07"]
[PlyCount "92"]
[TimeControl "180+2"]

1. e4 e6 2. Bc4 d5 3. exd5 exd5 4. Bb3 c6 5. d4 Bd6 6. Nf3 Ne7 7. Be3 Bg4
8. h3 Bf5 9. Nc3 Qd7 10. Ne5 Qc7 11. Ne2 Bxe5 12. dxe5 Qxe5 13. Ng3 Qxb2
14. O-O O-O 15. Bd4 Qa3 16. Nxf5 Nxf5 17. Qg4 Nxd4 18. Qxd4 Na6 19. f4 Qc5
20. Qxc5 Nxc5 21. f5 Nxb3 22. axb3 f6 23. g4 Rfe8 24. Rae1 Rxe1 25. Rxe1
Kf7 26. Kf2 Re8 27. Ra1 a6 28. Kf3 Re4 29. h4 Ke7 30. c4 Kd6 31. Rd1 Ke5
32. cxd5 cxd5 33. h5 d4 34. Ra1 Re3+ 35. Kf2 Rxb3 36. Re1+ Kf4 37. Rd1 Rb2+
38. Ke1 Ke3 39. Kf1 d3 40. Ra1 d2 41. Ra3+ Kf4 42. Ke2 Kxg4 43. Ra4+ Kxh5
44. Rd4 Kg5 45. Rxd2 Rxd2+ 46. Kxd2 Kxf5 { White resigns } 0-1